 Dungeon Crawl Stone Soup version 0.28.0 (webtiles) character file.

Game seed: 7990745489532346556

36 lonewolfV2 the Conjurer (level 3, 0/14 HPs)
             Began as a Felid Conjurer on Feb 9, 2022.
             Slain by a hobgoblin (1 damage)
             ... led by Robin
             ... on level 2 of the Dungeon.
             The game lasted 00:02:35 (1417 turns).

lonewolfV2 the Conjurer (Felid Conjurer)            Turns: 1417, Time: 00:02:36

Health: 0/14       AC:  1    Str:  5    XL:     3   Next: 19%
Magic:  1/7        EV: 17    Int: 19    God:
Gold:   78         SH:  0    Dex: 14    Spells: 5/6 levels left
                                        Lives:  0   Deaths: 0

rFire   . . .      SeeInvis +   (weapon unavailable)
rCold   . . .      Faith    .   (shield unavailable)
rNeg    . . .      Spirit   .   (armour unavailable)
rPois   .          Reflect  .   (helmet unavailable)
rElec   .          Harm     .   (cloak unavailable)
rCorr   .          Rampage  .   (gloves unavailable)
Will    .....                   (boots unavailable)
Stlth   ++........              (no amulet)
HPRegen 0.04/turn               (no ring)
MPRegen 0.10/turn               (no ring)

@: quick
A: very small, claws 1, fangs 3, see invisible, speed 1, shaggy fur 1, stealthy
paws, no weapons or thrown items, no armour, multi-lived
a: no special abilities


You were on level 2 of the Dungeon.
You visited 1 branch of the dungeon, and saw 2 of its levels.

You collected 78 gold pieces.

Inventory:

Scrolls
 a - a scroll of fear {unknown}
 c - a scroll of amnesia {unknown}
Potions
 b - a potion of haste {unknown}


   Skills:
 + Level 2.9 Dodging
 + Level 3.0 Stealth
 + Level 2.2 Spellcasting
 + Level 4.3 Conjurations


You had 5 spell levels left.
You knew the following spells:

 Your Spells              Type           Power      Damage    Failure   Level
a - Magic Dart            Conj           72%        1d6       2%          1

Your spell library contained the following spells:

 Spells                   Type           Power      Damage    Failure   Level
 Searing Ray              Conj           36%        2d5       4%          2
 Dazzling Flash           Conj/Hex       20%        N/A       21%         3
 Fulminant Prism          Conj/Hex       5%         3d7       56%         4
 Iskenderun's Mystic Bla  Conj/Tloc      10%        2d4       56%         4


Dungeon Overview and Level Annotations

Branches:
Dungeon (2/15)

Altars:


Innate Abilities, Weirdness & Mutations

You have sharp claws.
You have razor-sharp teeth.
You have supernaturally acute eyesight. (SInv)
You cover ground quickly. (Speed+)
You are covered in fur. (AC +1)
Your paws help you pounce on unaware monsters.
You are incapable of wielding weapons or throwing items.
You cannot wear armour.
You gain extra lives every three experience levels.


Message History

Press: ? - help, Shift-Dir - straight line, f/p - goblin
Aim: a goblin, wielding a +0 dagger (heavily wounded, 100% to hit)
The magic dart hits the goblin.
You kill the goblin!
You scratch the goblin. You bite the goblin.
The goblin is severely wounded.
The goblin hits you with a +0 club.
You barely miss the goblin.
The goblin is severely wounded.
The goblin barely misses you.
You scratch the goblin.
You kill the goblin!
The goblin completely misses you. The hobgoblin barely misses you.
The goblin completely misses you.
Things that are here:
a +0 club; a +0 dagger; a goblin corpse You scratch the hobgoblin.
The hobgoblin is heavily wounded.
The hobgoblin barely misses you. The goblin closely misses you.
There is an escape hatch in the ceiling, spattered with blood here.
You scratch the goblin. Your bite misses the goblin.
The goblin is moderately wounded.
The hobgoblin barely misses you. The goblin hits you with a +0 club.
The hobgoblin closely misses you.
You scratch the goblin.
You kill the goblin!
The hobgoblin closely misses you. The hobgoblin completely misses you.
The hobgoblin hits you. The hobgoblin misses you.
Things that are here:
a +0 club; a goblin corpse You miss the goblin.
The goblin closely misses you. The hobgoblin barely misses you. x2
You closely miss the goblin. The goblin closely misses you.
The hobgoblin barely misses you. The hobgoblin closely misses you.
You closely miss the goblin. The goblin hits you with a +0 club.
The hobgoblin closely misses you. The hobgoblin hits you.
* * * LOW HITPOINT WARNING * * *
You barely miss the goblin. The goblin closely misses you.
The hobgoblin completely misses you. The hobgoblin hits you.
You die...

#..#)...$...
###...#.......
#..#..........
#...#.........
.#....gg######
..#...gg# ........#
######.##############
#........gg@...#
#####.....gg...#
#..........#
#..........#
#..........#
#..........#########
#..............>..<#
######'#############
#........


You could see 2 hobgoblins and 2 goblins.

Vanquished Creatures
  Robin (D:2)
  A dart slug (D:1)
  A ball python (D:1)
  2 giant cockroaches
  7 goblins
  2 quokkas (D:1)
  3 bats (D:1)
  A frilled lizard (D:1)
  3 kobolds (D:1)
  2 rats (D:1)
23 creatures vanquished.

Notes
Turn   | Place    | Note
-------+----------+-------------------------------------------
     0 | D:1      | lonewolfV2 the Felid Conjurer began the quest for the Orb.
     0 | D:1      | Reached XP level 1. HP: 7/7 MP: 4/4
  1022 | D:1      | Reached skill level 4 in Conjurations
  1037 | D:1      | Reached XP level 2. HP: 11/11 MP: 3/6
  1374 | D:2      | Noticed Robin
  1379 | D:2      | Killed Robin
  1380 | D:2      | Reached XP level 3. HP: 14/14 MP: 0/7
  1417 | D:2      | Slain by a hobgoblin

Illustrated notes

Levels and vault maps discovered:
D:1:      dpeg_arrival_solitude, layout_basic
D:2:      layout_basic, minmay_splitting_lines, uniq_robin

Skill      XL: |  1  2 |
---------------+-------+-----
Conjurations   | 4 |  4.3
Stealth        | 3 |  3.0
Dodging        | |  2.9
Spellcasting   | |  2.2

Action                   || total
-------------------------++-------
Melee: Unarmed           ||    13
       Bite              ||     2
 Cast: Magic Dart        ||    46
  Use: Scroll            ||     1
Dodge: Dodged            ||    32
